 Dungeon Crawl Stone Soup version 0.17-a0-1481-gfdcec5c (webtiles) character file.

3558 rnawigator the Martial Artist (level 10, -3/74 HPs)
             Began as a Merfolk Transmuter on July 4, 2015.
             Was an Elder of Okawaru.
             Slain by Erica
             ... wielding a +0 scimitar of flaming
              (12 damage)
             ... on level 8 of the Dungeon.
             The game lasted 00:38:41 (8788 turns).

rnawigator the Martial Artist (Merfolk Transmuter)  Turns: 8788, Time: 00:38:41

Health: -3/74      AC:  2    Str: 11    XL:     10   Next: 9%
Magic:  16/17      EV: 25    Int: 16    God:    Okawaru [****..]
Gold:   256        SH:  0    Dex: 19    Spells: 5 memorised, 4 levels left

rFire  . . .     SeeInvis .       - Unarmed
rCold  . . .     Clarity  .     (armour currently unavailable)
rNeg   + . .     SustAt   .     (shield currently unavailable)
rPois  .         Gourm    .     (helmet currently unavailable)
rElec  .         Spirit   .     (cloak currently unavailable)
rCorr  .         Warding  .     (gloves currently unavailable)
rMut   .         Stasis   .     (boots currently unavailable)
MR     .....                    (no amulet)
Stlth  ++........               m - ring of poison resistance
                                f - ring of positive energy

@: spider-form (expiring), very slightly contaminated, invisible, not resistant
to hostile enchantments, unstealthy
A: (change form in water), (swift swim)
a: End Transformation, Heroism, Renounce Religion


You were on level 8 of the Dungeon.
You worshipped Okawaru.
Okawaru was greatly pleased with you.
You were not hungry.
You were a venomous arachnid creature.
You visited 1 branch of the dungeon, and saw 8 of its levels.

You collected 544 gold pieces.
You spent 288 gold pieces at shops.

Inventory:

Missiles
 a - 96 arrows
Armour
 b - a +0 robe (melded)
 n - a +1 helmet (melded)
Jewellery
 f - a ring of positive energy (left front leg)
 m - a ring of poison resistance (right front leg)
Magical devices
 r - a wand of polymorph (8)
 s - a wand of magic darts (35)
 u - a wand of disintegration (12)
 C - a wand of confusion (23)
Scrolls
 e - 3 scrolls of fear
 g - a scroll of fog
 h - 3 scrolls of enchant weapon
 j - 5 scrolls of identify
 p - 3 scrolls of remove curse
 t - a scroll of recharging
 w - a scroll of blinking
 x - a scroll of teleportation
 y - 2 scrolls of magic mapping
 z - a scroll of holy word
 B - a scroll of amnesia {unknown}
Potions
 i - 4 potions of flight
 k - 3 potions of curing
 v - a potion of invisibility
Books
 c - a book of Changes

   Spells                             Type                      Level
   a - Beastly Appendage              Transmutation                1
   b - Sticks to Snakes               Transmutation                2
   c - Spider Form                    Transmutation/Poison         3
   d - Ice Form                       Ice/Transmutation            4
   e - Blade Hands                    Transmutation                5
Comestibles
 d - 2 bread rations
 l - 2 meat rations
 o - a royal jelly
 q - 2 beef jerkies
 A - 2 chunks of flesh


   Skills:
 - Level 5.0 Fighting
 + Level 6.2 Dodging
 + Level 10.8 Unarmed Combat
 + Level 5.1 Spellcasting
 + Level 8.9 Transmutations


You had 4 spell levels left.
You knew the following spells:

 Your Spells              Type           Power        Failure   Level  Hunger
a - Beastly Appendage     Trmt           ####..       3%          1    None
b - Sticks to Snakes      Trmt           ####......   4%          2    #......
c - Spider Form           Trmt/Pois      ###.......   24%         3    ###....
d - Ice Form              Ice/Trmt       ###.....     50%         4    ####...
e - Blade Hands           Trmt           ####......   28%         5    ######.


Dungeon Overview and Level Annotations

Branches:
Dungeon (8/15)             Temple (0/1) D:5
   Lair: D:8-11

Altars:
Elyvilon
Makhleb
Okawaru
Qazlal
Trog

Shops:
D:8 }*[

Annotations:
D:8 Erica


Message History

The bolt of lightning misses you.
Press: ? - help, v - describe, . - travel
Here: Erica, wielding a scimitar of flaming, wearing a robe and carrying a wand of lightning {zapped: 4} (severely wounded, poisoned)
The floor, spattered with blood.
Drink which item? (? for menu, Esc to quit)
You fade into invisibility!
Your transformation is almost over.
The centaur completely misses you. The centaur closely misses you.
Erica misses you.
You are very lightly contaminated with residual magic.
You miss Erica.
Erica is severely wounded.
The centaur closely misses you.
You closely miss Erica.
Erica is severely wounded.
The centaur misses you.
Erica zaps a wand.
The bolt of lightning hits you!
* * * LOW HITPOINT WARNING * * *
Drink which item? (? for menu, Esc to quit)
You feel better. The centaur completely misses you.
Erica hits you with a scimitar of flaming!
You die...

#................#
#................#
####+####........### .#
.# #........+.# .# #.#
#.....####.# .###.#
#.....+ .#
..##.####.....####.####
#.##............(.....#
#..#......#####.s.....#
##.#......#####.c@....#
...)......'..........[#
###.......#...####....#
#.......#^..# ...)#
##>.....##### ....#
##.....# ....# #.....#
.)..# #.....# ....#


You could see Erica and a centaur.

Vanquished Creatures
  4 humans (D:7)
  Eustachio (D:4)
  2 hungry ghosts (D:8)
  Edmund (D:4)
  A sky beast (D:6)
  A black bear (D:6)
  A phantom (D:7)
  3 ice beasts
  A crocodile (D:8)
  4 ogres
  3 centaurs
  A gnoll sergeant (D:8)
  A big kobold (D:7)
  A giant frog (D:7)
  3 crimson imps
  A quasit (D:7)
  A centaur zombie (D:8)
  An orc priest (D:7)
  A jelly (D:5)
  2 giant frog zombies
  A hound (D:7)
  3 orc wizards
  3 iguanas
  3 worker ants
  13 gnolls
  A mummy (D:6)
  3 shadow imps
  13 adders
  2 oozes
  An adder zombie (D:7)
  3 worms
  6 giant geckos
  12 orcs
  3 bat zombies (D:7)
  7 giant cockroaches
  10 goblins
  9 hobgoblins
  6 jackals
  3 quokkas
  A ball python (D:5)
  13 bats
  6 giant newts
  A hobgoblin zombie (D:6)
  5 kobolds
  A kobold zombie (D:6)
  2 orc zombies (D:6)
  12 rats
177 creatures vanquished.

Vanquished Creatures (collateral kills)
  A necrophage (D:7)
  An ogre (D:5)
  An orc priest (D:5)
  An orc wizard (D:5)
  A worker ant (D:6)
  A gnoll (D:5)
  An adder (D:3)
  A worm (D:2)
  3 orcs
  A bat (D:2)
  2 goblins
  2 jackals (D:2)
  A kobold (D:2)
17 creatures vanquished.

Grand Total: 194 creatures vanquished

Notes
Turn   | Place    | Note
--------------------------------------------------------------
     0 | D:1      | rnawigator the Merfolk Transmuter began the quest for the Orb.
     0 | D:1      | Reached XP level 1. HP: 15/15 MP: 3/3
   263 | D:1      | Reached XP level 2. HP: 21/21 MP: 5/5
   301 | D:1      | You fall through a shaft!
   314 | D:2      | Learned a level 2 spell: Sticks to Snakes
   379 | D:2      | Reached XP level 3. HP: 18/27 MP: 3/6
   552 | D:2      | Reached skill level 4 in Unarmed Combat
   599 | D:2      | Learned a level 3 spell: Spider Form
   780 | D:1      | Reached XP level 4. HP: 23/34 MP: 2/7
  1798 | D:2      | Found a bloodstained altar of Trog.
  1798 | D:2      | Found a burning altar of Makhleb.
  1966 | D:2      | Found a stormy altar of Qazlal.
  1968 | D:2      | Found a white marble altar of Elyvilon.
  1969 | D:2      | Found an iron altar of Okawaru.
  1977 | D:2      | Became a worshipper of Warmaster Okawaru
  1987 | D:2      | You fall through a shaft!
  2335 | D:3      | Reached XP level 5. HP: 20/39 MP: 6/8
  2581 | D:3      | Reached skill level 5 in Dodging
  2992 | D:4      | Noticed Eustachio
  3049 | D:4      | Killed Eustachio
  3049 | D:4      | Reached skill level 5 in Unarmed Combat
  3049 | D:4      | Reached XP level 6. HP: 22/47 MP: 2/9
  3237 | D:4      | Noticed Edmund
  3641 | D:4      | Killed Edmund
  3641 | D:4      | Acquired Okawaru's first power
  3641 | D:4      | Reached skill level 6 in Unarmed Combat
  3641 | D:4      | Reached XP level 7. HP: 50/52 MP: 10/10
  4064 | D:4      | Learned a level 4 spell: Ice Form
  4065 | D:5      | Entered Level 5 of the Dungeon
  4751 | D:5      | Reached skill level 5 in Transmutations
  4754 | D:5      | Reached skill level 7 in Unarmed Combat
  5015 | D:5      | Reached XP level 8. HP: 21/61 MP: 11/11
  5371 | D:5      | Found a staircase to the Ecumenical Temple.
  5996 | D:6      | Reached skill level 5 in Fighting
  5996 | D:6      | Reached skill level 8 in Unarmed Combat
  6881 | D:7      | Reached skill level 9 in Unarmed Combat
  6881 | D:7      | Reached XP level 9. HP: 31/68 MP: 9/13
  7582 | D:7      | Reached skill level 10 in Unarmed Combat
  7603 | D:7      | Learned a level 5 spell: Blade Hands
  8059 | D:8      | Found Rarghu Xurim's General Store.
  8062 | D:8      | Bought a scroll of teleportation for 36 gold pieces
  8062 | D:8      | Bought a scroll of identify for 24 gold pieces
  8062 | D:8      | Bought a scroll of magic mapping for 42 gold pieces
  8062 | D:8      | Bought a potion of invisibility for 96 gold pieces
  8062 | D:8      | Bought a scroll of holy word for 90 gold pieces
  8117 | D:8      | Found Zaolacri's Gadget Shoppe.
  8495 | D:8      | Found Fiha's Antique Armour Emporium.
  8541 | D:8      | Reached skill level 5 in Spellcasting
  8541 | D:8      | Reached XP level 10. HP: 70/74 MP: 12/17
  8769 | D:8      | Noticed Erica
  8787 | D:8      | HP: 2/74 [Erica/wand of lightning (14)]
  8788 | D:8      | Slain by Erica

Vault maps used:
D:1:      co_arrival_square_in_a_square_in_a_square, minivault_14
D:2:      grunt_temple_overflow_open
D:4:      minmay_door_path, first_bread, uniq_eustachio, uniq_edmund
D:5:      minmay_temple_entry_fiery
D:6:      serial_curves, eino_curves_01, eino_curves_01, minmay_mini_ossuary
D:7:      minmay_ruffians
D:8:      serial_shops, kennysheep_little_box, kennysheep_mini,
          nicolae_shop_behind_doors, kennysheep_mini_moat, uniq_erica

Action                   |  1- 3 |  4- 6 |  7- 9 | 10-12 || total
-------------------------+-------+-------+-------+-------++-------
Melee: Unarmed           |    81 |   235 |   403 |    36 ||   755
 Cast: Sticks to Snakes  |     6 |     9 |    18 |       ||    33
       Beastly Appendage |     5 |    31 |    14 |       ||    50
       Spider Form       |       |       |    12 |     3 ||    15
Evoke: Wand              |       |     8 |     1 |       ||     9
  Use: Scroll            |       |    12 |     6 |       ||    18
       Potion            |       |     2 |     3 |     4 ||     9
 Stab: Sleeping          |       |       |     1 |       ||     1
       Distracted        |       |       |     5 |       ||     5
  Eat: Chunk             |       |    11 |    17 |     2 ||    30
       Fruit             |       |       |     3 |       ||     3
       Pizza             |       |       |     1 |       ||     1
